[Event "*** MasterClass Titled Tuesday Blitz"]
[Site "Chess.com"]
[Date "2017.12.05"]
[Round "1"]
[White "benhal"]
[Black "moro182"]
[Result "0-1"]
[WhiteElo "2211"]
[BlackElo "2617"]
[TimeControl "180+2"]
[EndTime "14:24:09 PST"]
[Termination "moro182 won by resignation"]

1. e4 e5 2. Nf3 Nc6 3. Nc3 Nf6 4. Bb5 Bd6 5. d3 a6 6. Ba4 b5 7. Bb3 Na5 8. Bg5 Nxb3 9. axb3 c6 10. Ne2 h6 11. Bd2 O-O 12. Ng3 Bc7 13. O-O d5 14. Re1 Kh7 15. h3 Re8 16. Nh2 c5 17. Be3 d4 18.
Bd2 Be6 19. Qf3 g6 20. Ng4 Nxg4 21. hxg4 Qh4 22. Nf5 gxf5 23. exf5 Bd7 24. Qd5 Qe7 25. b4 c4 26. dxc4 bxc4 27. Qxc4 Bb5 28. Qb3 e4 29. Qh3 Qd6 30. Qh5 Re7 31. Bg5 Qh2+ 32. Qxh2 Bxh2+ 33. Kxh2 hxg5 34. Rad1 Rd8 35. b3 d3 36. c4 Bc6 37. Kg3 Rb7 38. Rh1+ Kg7 39. Rh5 Rxb4 40. Rxg5+ Kf6 41. Rh5 Ke5 42. f6+ Kd4 43.
Rh7 Rb7 44. g5 Kc3 45. Kf4 Kc2 46. Rhh1 d2 47. Ke3 Rxb3+ 48. Ke2 Rc3 49. g6 fxg6 50. f7 Rcd3 51. Ra1 Rf8 52. Ra2+ Kc3 53. Ra3+ Kxc4 54. Rxd3 exd3+ 55. Kxd2 Rxf7 56. Rh4+ Kd5 57. f3 Bb5 58.
Rg4 Rf6 59. Rg5+ Kc4 60. Rg4+ Kb3 61. Rd4 Rb6 62. g4 a5 63. f4 a4 64. f5 gxf5 65.
gxf5 a3 0-1

[Event "*** MasterClass Titled Tuesday Blitz"]
[Site "Chess.com"]
[Date "2017.12.05"]
[Round "1"]
[White "northridgehawk"]
[Black "GMMarcinDziuba"]
[Result "0-1"]
[WhiteElo "1949"]
[BlackElo "2509"]
[TimeControl "180+2"]
[EndTime "14:24:14 PST"]
[Termination "GMMarcinDziuba won by resignation"]

1. e4 c5 2. Nf3 d6 3. d4 cxd4 4.
Nxd4 Nf6 5. Nc3 a6 6. h3 e5 7. Nde2 h5 8. g3 Be7 9. Bg2 h4 10. g4 Be6 11. Be3 Nbd7 12. a4 Nh7 13. Ng1 Bg5 14.
Qd2 Bxe3 15. Qxe3 Qb6 16. Nd1 Rc8 17. c3 Bb3 18. Nf3 Bxd1 19. Qxb6 Nxb6 20. Rxd1 Nf6 21. a5 Nc4 22. b3 Nxa5 23. Rxd6 Rxc3 24. O-O Nxb3 25.
Nxe5 O-O 26. Rb6 Nc5 27. Nf3 Nfxe4 28. Nxh4 Nd2 29. Rd1 Nc4 30. Rb4 b5 31. Nf5 g6 32.
Nd6 Nd3 33. Ne4 Ra3 34. Rbb1 Nf4 35. h4 f5 36. gxf5 gxf5 37. Ng5 Ne5 38. Rd6 Re8 39. Re1 Kf8 40. Kf1 Nxg2 41. Kxg2 Nf7 42. Nh7+ Kg7 43. Rxe8 Nxd6 44. Re6 Kxh7 45. Rxd6 b4 46. Rb6 a5 47. h5 b3 48. Rb5 a4 49. Rxf5 b2 50. Rb5 Rb3 0-1

[Event "*** MasterClass Titled Tuesday Blitz"]
[Site "Chess.com"]
[Date "2017.12.05"]
[Round "1"]
[White "Al_Shima"]
[Black "VampirePrincessMiu"]
[Result "1-0"]
[WhiteElo "2352"]
[BlackElo "995"]
[TimeControl "180+2"]
[EndTime "14:24:17 PST"]
[Termination "Al_Shima won by checkmate"]

1. b3 d6 2. Bb2 e5 3. e3 Nd7 4. Nf3 c6 5. d4 Qc7 6. c4 Ngf6 7. Nc3 Be7 8. Qc2 h6 9. Bd3 a5 10. a3 Nf8 11. h3 g5 12. c5 d5 13.
Nxe5 Rg8 14. b4 axb4 15. axb4 Rxa1+ 16. Bxa1 Ng6 17. Nxg6 fxg6 18. Bxg6+ Kd8 19. Bf5 Bxf5 20. Qxf5 g4 21. hxg4 Nxg4 22. Rh3 Rf8 23. Qxg4 Bg5 24. f4 Qf7 25. Nd1 Be7 26. Rxh6 Rg8 27. Qe6 Qg7 28. g4 Qxg4 29. Qxg4 Rxg4 30. Kf2 Bh4+ 31. Kf1 Be7 32. Bc3 Bf8 33. Rh8 Ke7 34. Be1 Bg7 35.
Rh7 Kf6 36. Nf2 Rg6 37. Nd3 Rh6 38. Rxh6+ Bxh6 39. Bh4+ Kf5 40. Ke2 Ke4 41. Nf2+ Kf5 42. Nh1 Kg4 43. Bf6 Bf8 44. Be5 Be7 45. Nf2+ Kg3 46. f5+ Kg2 47. f6 Bf8 48. Bd6 Bh6 49. Ng4 Bg5 50. f7 Kh3 51. Nf2+ Kh4 52. f8=Q Bxe3 53.
Kf3 Bxf2 54. Qh6# 1-0

[Event "*** MasterClass Titled Tuesday Blitz"]
[Site "Chess.com"]
[Date "2017.12.05"]
[Round "1"]
[White "TenisMaster"]
[Black "michaelk123"]
[Result "1-0"]
[WhiteElo "2749"]
[BlackElo "2291"]
[TimeControl "180+2"]
[EndTime "14:24:25 PST"]
[Termination "TenisMaster won by resignation"]

1. e4 c6 2. d4 d5 3. e5 Bf5 4.
Nf3 e6 5. Be2 Ne7 6. O-O h6 7.
Nbd2 Bh7 8. Nb3 Nf5 9. Bf4 Be7 10. g4 Nh4 11. Nxh4 Bxh4 12. Bg3 Nd7 13. f4 Be4 14. c3 f5 15. exf6 Bxg3 16. hxg3 gxf6 17. Bd3 Bxd3 18. Qxd3 Kf7 19. Rae1 Qg8 20. Qe2 Re8 21. Kf2 Qg6 22.
Rh1 e5 23. f5 Qg5 24. Qf3 Reg8 25. Rh4 b6 26. Reh1 a5 27. a4 Rg7 28. Qe3 Qxe3+ 29. Kxe3 Rhg8 30. Kf3 c5 31. Rxh6 Rxg4 32.
Rh7+ R4g7 33. Rxg7+ Rxg7 34. Rh8 c4 35. Nd2 Rg8 36.
Rh7+ Rg7 37. Rh8 Rg8 38. Rxg8 Kxg8 39. Nf1 exd4 40. cxd4 b5 41. axb5 a4 42. Ne3 Nb6 43. Nd1 Kg7 44. Nc3 Kh6 45. Kg4 Kh7 46. Kh5 Kg7 47.
g4 Kh7 48. g5 Kg7 49. g6 Nc8 50. Nxd5 Nd6 51. b6 Nb7 52. Kg4 Nd6 53. Nc3 a3 54.
bxa3 1-0

[Event "*** MasterClass Titled Tuesday Blitz"]
[Site "Chess.com"]
[Date "2017.12.05"]
[Round "1"]
[White "Dr_Nezard"]
[Black "wonderfultime"]
[Result "0-1"]
[WhiteElo "2291"]
[BlackElo "2754"]
[TimeControl "180+2"]
[EndTime "14:24:26 PST"]
[Termination "wonderfultime won by resignation"]

1. Nf3 d5 2. g3 Nf6 3. Bg2 Bf5 4.
O-O e6 5. c4 c6 6. Qb3 Qb6 7. d3 Nbd7 8. Be3 Qa6 9. cxd5 exd5 10. Nbd2 Be7 11. Rfe1 O-O 12. a3 Rfe8 13. Bf4 Bg6 14.
Nh4 Bf8 15. Nxg6 hxg6 16. Qc2 Qb6 17. Nf3 Bc5 18. e3 Nh5 19. d4 Bf8 20. Ne5 Rad8 21. Bg5 Be7 22. Nxd7 Rxd7 23. Bxe7 Rdxe7 24. b4 Nf6 25. Reb1 a6 26. a4 Rc8 27. Qc5 Qd8 28.
Qc2 Qd6 29. Qc5 Qc7 30. b5 axb5 31. axb5 Qd7 32. bxc6 Rxc6 33. Ra8+ Kh7 34. Qa3 Qf5 35. Qa2 Rc2 36. Rf1 Rxa2 37. Rxa2 Rc7 38. Rb2 Ne4 39.
h3 Ng5 40. Kh2 Nf3+ 41. Kh1 Ng5 42. Kh2 Ne4 43. Kg1 Nf6 44. Rfb1 Rc2 45. Rxc2 Qxc2 46. Rxb7 Qc1+ 47. Kh2 Qd2 48. Rxf7 Qxf2 49. e4 dxe4 0-1

[Event "*** MasterClass Titled Tuesday Blitz"]
[Site "Chess.com"]
[Date "2017.12.05"]
[Round "1"]
[White "jcibarra"]
[Black "johannesh"]
[Result "1-0"]
[WhiteElo "2680"]
[BlackElo "2264"]
[TimeControl "180+2"]
[EndTime "14:24:36 PST"]
[Termination "jcibarra won on time"]

1. e4 e6 2. d4 d5 3. Bd3 dxe4 4. Bxe4 Nf6 5. Bf3 c5 6. Ne2 Nc6 7. Be3 Nd5 8. Bxd5 Qxd5 9. Nbc3 Qxg2 10. Rg1 Qxh2 11.
Bf4 Qh5 12. Nb5 Kd8 13. Bc7+ Ke8 14. Bf4 Kd8 15. dxc5+ Bd7 16. Qd2 Qd5 17. Qxd5 exd5 18. Nd6 Bxd6 19. Bxd6 g6 20. O-O-O Be6 21. Nf4 Kd7 22. c4 d4 23. Nd5 h5 24. b4 Bxd5 25. cxd5 Nxb4 26. Rxd4 a5 27. a3 Na6 28. Rf4 Rh7 29. Re1 Nxc5 30. Bxc5 Rc8 31. Rc4 b6 32. Re7+ Kd8 33. Bxb6+ Kxe7 34. Rxc8 h4 35. Kd2 h3 36.
Rc1 Kd6 37. Bxa5 Kxd5 38. Bc7 Ke4 39. Ke2 h2 40. Rh1 f5 41. f3+ Kd5 42. Bxh2 f4 43.
Rd1+ Ke5 44. Bg1 g5 45. Rb1 Re7 46. a4 Kf6+ 47. Kf1 g4 48. fxg4 Kg5 49. a5 Kxg4 50. a6 Kg3 51. a7 Re8 52. Rb8 Rc8 53.
Rxc8 1-0

[Event "*** MasterClass Titled Tuesday Blitz"]
[Site "Chess.com"]
[Date "2017.12.05"]
[Round "1"]
[White "BoilingFrog"]
[Black "penguingm1"]
[Result "0-1"]
[WhiteElo "2235"]
[BlackElo "2626"]
[TimeControl "180+2"]
[EndTime "14:24:41 PST"]
[Termination "penguingm1 won by checkmate"]

1. e4 e5 2. Nf3 Nc6 3. Bc4 Bc5 4. b4 Bxb4 5. c3 Be7 6. d4 Na5 7. Bd3 d6 8. dxe5 dxe5 9. Nxe5 Nf6 10. O-O O-O 11. f4 Re8 12. Nd2 Bc5+ 13. Kh1 Ng4 14. Nxg4 Bxg4 15. Qc2 Qh4 16. Nf3 Qh5 17. e5 Rad8 18.
Be4 Nc6 19. Rb1 Bb6 20. a4 Ne7 21. a5 Bxa5 22. Be3 Bb6 23. Nd4 Nd5 24. Bd2 Nxc3 25.
Bxc3 Bxd4 26. Bxd4 Rxd4 27. Rxb7 a5 28. Rxc7 Red8 29.
h3 Rd2 30. Qc3 h6 31. Qg3 Bc8 32. f5 Qg5 33. Qxg5 hxg5 34. e6 fxe6 35. fxe6 Bxe6 36. Bg6 R2d7 37. Rc5 Ra7 38. Re5 Bc4 39. Rc1 Bb3 40. Rxg5 a4 41. Rh5 a3 42. Rf1 Bf7 43. Bxf7+ Rxf7 44. Rxf7 Kxf7 45. Ra5 Rd1+ 46. Kh2 Ra1 47. Ra4 Ke6 48. Kg3 Kd5 49. Ra5+ Kc4 50. h4 Kb3 51.
Rb5+ Ka4 52. Rb7 Rc1 53. Rxg7 Rc5 54. Re7 a2 55. Re1 Kb3 56. Kg4 Ra5 57. Ra1 Kb2 58. Rxa2+ Rxa2 59. h5 Kc3 60. g3 Kd4 61. Kf5 Ra5+ 62.
Kg6 Ke5 63. h6 Ra6+ 64. Kg7 Kf5 65. h7 Ra7+ 66. Kg8 Kg6 67. h8=Q Ra8# 0-1

[Event "*** MasterClass Titled Tuesday Blitz"]
[Site "Chess.com"]
[Date "2017.12.05"]
[Round "1"]
[White "activity5"]
[Black "likantrophuss"]
[Result "0-1"]
[WhiteElo "1522"]
[BlackElo "2462"]
[TimeControl "180+2"]
[EndTime "14:24:57 PST"]
[Termination "likantrophuss won by checkmate"]

1. d4 Nf6 2. Nf3 g6 3. Bg5 Bg7 4. e3 O-O 5. Be2 c5 6. c3 b6 7. Nbd2 Bb7 8. a4 a6 9. Qc2 d6 10. O-O Nbd7 11. dxc5 bxc5 12. Rfd1 h6 13. Bxf6 Nxf6 14.
Ne1 Qc8 15. Bf3 Bxf3 16. Ndxf3 Qb7 17. Rab1 Rfc8 18. Nd2 Rab8 19. Nef3 Nd5 20. Ne4 Nb6 21.
b3 Qc6 22. c4 Nd7 23. Nc3 e6 24. Ne4 Bf8 25. h3 Rb4 26. Nfd2 d5 27. Nc3 d4 28.
exd4 cxd4 29. Na2 Rb7 30. Ne4 f5 31. Ng3 Bg7 32. Qd3 e5 33. f3 Nc5 34. Qd2 Nxb3 35.
Qc2 Qxc4 36. Qxc4+ Rxc4 37. Nc1 Rcb4 38. Nxb3 Rxb3 39.
Rxb3 Rxb3 40. Ne2 g5 41. h4 Rb4 42. hxg5 hxg5 43. g4 fxg4 44. fxg4 e4 45. Ng3 d3 46. Nxe4 Rxe4 47. Rxd3 Rxg4+ 48. Kf2 Rxa4 49. Kg3 Be5+ 50.
Kf3 g4+ 51. Kg2 Ra2+ 52. Kg1 g3 53. Rd8+ Kf7 54. Rd7+ Ke6 55. Rd8 Bd6 56. Re8+ Kd7 57. Rg8 a5 58. Rg7+ Kc6 59. Rg6 a4 60. Rg4 a3 61.
Ra4 Bc5+ 62. Kh1 g2+ 63. Kh2 g1=Q+ 64. Kh3 Rh2# 0-1

[Event "*** MasterClass Titled Tuesday Blitz"]
[Site "Chess.com"]
[Date "2017.12.05"]
[Round "1"]
[White "HarutyunianTigranK"]
[Black "Piccadilly123"]
[Result "1-0"]
[WhiteElo "2545"]
[BlackElo "2108"]
[TimeControl "180+2"]
[EndTime "14:25:11 PST"]
[Termination "HarutyunianTigranK won by resignation"]

1. c4 c5 2. Nc3 Nf6 3. g3 Nc6 4. Bg2 g6 5. Nf3 Bg7 6. d4 cxd4 7. Nxd4 O-O 8. O-O d6 9. Nxc6 bxc6 10. Bxc6 Rb8 11.
Bg2 Qc7 12. Qd3 Be6 13. b3 Ng4 14. Bd2 Rfc8 15. h3 Ne5 16. Qc2 a6 17. Rac1 Nc6 18. Nd5 Qd8 19. Qd3 Bd7 20. Bc3 Ne5 21. Qd2 e6 22.
Ne3 Bc6 23. Rfd1 Bxg2 24. Kxg2 Rc6 25. f4 Nd7 26. Bxg7 Kxg7 27. Qd4+ Kg8 28. Ng4 Qf8 29. e4 Qg7 30. Qxg7+ Kxg7 31. Rd2 a5 32. Rcd1 Rbb6 33. e5 a4 34. Rxd6 Rxd6 35. Rxd6 Rb7 36. Rd3 Nc5 37. Rd8 axb3 38. axb3 Ne4 39. Nf6 Nxf6 40. exf6+ Kxf6 41. Rd3 e5 42. Kf3 Ke6 43. fxe5 Kxe5 44. c5 f5 45. c6 Rc7 46. Rc3 Kd4 47. Rc1 Kd5 48. Kf4 h6 49. h4 Ke6 50. b4 Kf6 51. b5 g5+ 52. hxg5+ hxg5+ 53. Kf3 Rc8 54. c7 Ke6 55. b6 Kd7 56. b7 Rxc7 57. Rd1+ Ke6 58. b8=Q Rc3+ 59.
Kg2 Rc2+ 60. Kg1 Rc6 61. Qe8+ 1-0

[Event "*** MasterClass Titled Tuesday Blitz"]
[Site "Chess.com"]
[Date "2017.12.05"]
[Round "1"]
[White "juniortay"]
[Black "jefferyx"]
[Result "1/2-1/2"]
[WhiteElo "2309"]
[BlackElo "2769"]
[TimeControl "180+2"]
[EndTime "14:25:14 PST"]
[Termination "Game drawn by agreement"]

1. e4 c5 2. Nc3 d6 3. f4 g6 4. Nf3 Bg7 5. Bc4 Nc6 6. O-O Nf6 7. d3 Bg4 8. Qe1 Bxf3 9. Rxf3 Nd4 10. Rf2 O-O 11.
h3 e6 12. e5 Nd7 13. exd6 Nf5 14. Ne4 Nb6 15. Bb3 Nxd6 16. Nxc5 Bd4 17. Be3 Nf5 18.
Bxd4 Qxd4 19. Ne4 Qxb2 20. c3 Qa3 21. Nf6+ Kh8 22. Qe5 Qd6 23. g4 Qxe5 24. fxe5 Ne7 25. a4 Rac8 26. a5 Nbd5 27. Bxd5 exd5 28. Rb1 Rc7 29.
Rb5 Rd8 30. c4 dxc4 31. dxc4 Nc6 32. Nd5 Rcd7 33. Nf6 Rd1+ 34. Kg2 Kg7 35. Rxb7 Nxe5 36. Nd5 Rf8 37. Nc7 Kh6 38. Rxa7 Nd3 39. Re2 Nf4+ 40.
Kf2 Nxe2 41. Kxe2 Rd4 42. a6 Rxc4 43. Rb7 Ra4 44. a7 Rc8 45. Kf3 f6 46. h4 Ra3+ 47.
Kf4 Ra4+ 48. Kg3 Ra3+ 49. Kf4 Ra4+ 50. Kg3 Rd8 51. a8=Q Rdxa8 52. Nxa8 Ra3+ 53. Kf4 Ra4+ 54. Kg3 Rxa8 55. g5+ fxg5 56. hxg5+ Kxg5 57. Rxh7 Ra3+ 58. Kg2 Kg4 59. Rb7 Ra2+ 60. Kg1 Ra3 61. Rg7 g5 62. Rg8 Kf4 63. Kf2 Ra2+ 64. Kg1 g4 65. Rb8 Ra3 66. Kg2 Ra2+ 67. Kg1 Ra3 68. Kg2 Ra2+ 1/2-1/2

[Event "*** MasterClass Titled Tuesday Blitz"]
[Site "Chess.com"]
[Date "2017.12.05"]
[Round "1"]
[White "saikrishnaReturns"]
[Black "saraiva_80"]
[Result "1-0"]
[WhiteElo "2421"]
[BlackElo "1343"]
[TimeControl "180+2"]
[EndTime "14:25:18 PST"]
[Termination "saikrishnaReturns won by resignation"]

1. e4 c5 2. Nf3 d6 3. d4 cxd4 4. Nxd4 Nf6 5. Nc3 a6 6. Bg5 e6 7. f4 Be7 8. Qf3 Qc7 9. O-O-O b5 10. Bxf6 gxf6 11. f5 e5 12. Nd5 Qd8 13. Nb3 Bb7 14. Be2 Nd7 15. Qg3 Bf8 16. Bh5 Rc8 17. Kb1 Nc5 18.
Rhe1 Nxb3 19. cxb3 Bxd5 20. exd5 Qc7 21. Rc1 Qb7 22. Qd3 Bh6 23. Rxc8+ Qxc8 24. a4 Qc5 25. axb5 Qxb5 26. Qxb5+ axb5 27. Be2 b4 28. Kc2 Ke7 29. Ra1 Rc8+ 30. Bc4 Rc7 31. Kd3 Bf4 32. g3 Bg5 33. Ra4 Rb7 34. Ra8 Bh6 35. Rh8 Bc1 36. Rxh7 Bxb2 37. h4 Bd4 38. h5 Rb8 39. h6 Rg8 40. Rg7 Rh8 41. h7 Kf8 42. Rg8+ Rxg8 43. hxg8=Q+ Kxg8 44. Ba6 Kg7 45. Kc4 Kh6 46. Kxb4 Kg5 47. Bc8 Kg4 48. Kc4 Kxg3 49. b4 Kf4 50. b5 e4 51.
Kxd4 e3 52. b6 e2 53. b7 e1=Q 54. b8=Q Qd2+ 55. Kc4 Qe2+ 56. Kb3 Qd3+ 57. Kb2 Qd4+ 58.
Ka3 Qd3+ 59. Qb3 Qxb3+ 60. Kxb3 Ke5 61. Kc4 Ke4 62. Be6 Ke5 63. Kb5 Kd4 64. Kc6 Ke4 65.
Kxd6 Kd4 66. Bxf7 1-0

[Event "*** MasterClass Titled Tuesday Blitz"]
[Site "Chess.com"]
[Date "2017.12.05"]
[Round "1"]
[White "MateusViageiro"]
[Black "Indianlad"]
[Result "0-1"]
[WhiteElo "2176"]
[BlackElo "2590"]
[TimeControl "180+2"]
[EndTime "14:25:24 PST"]
[Termination "Indianlad won by resignation"]

1. e4 e5 2. Nf3 Nc6 3. Bb5 a6 4.
Ba4 d6 5. c3 Bd7 6. O-O g6 7.
d4 Bg7 8. Re1 h6 9. Be3 Nf6 10.
Nbd2 Ng4 11. dxe5 Nxe3 12. Rxe3 dxe5 13. Rd3 Qe7 14. Nf1 b5 15. Bb3 Na5 16. Ne3 c6 17. Bc2 Be6 18. Rd2 O-O 19. Qe2 h5 20. h3 Rab8 21.
b4 Nc4 22. Nxc4 Bxc4 23. Bd3 Be6 24. a3 Rfc8 25. Rad1 c5 26. Bb1 cxb4 27. cxb4 Rc3 28. Rd3 Bc4 29. Qd2 Rxd3 30. Bxd3 Rd8 31. Qc3 Be6 32.
Be2 Rxd1+ 33. Bxd1 f5 34. Bc2 Bf7 35. Qc8+ Qe8 36. Qxe8+ Bxe8 37. exf5 gxf5 38. Bxf5 Bh6 39. Nxe5 Bc1 40. Bc8 Bxa3 41. Bxa6 Bxb4 42. g4 Bd6 43. Nd3 Kf7 44. gxh5 Kf6 45. Kg2 Kg5 46. f3 Kxh5 47. Nf2 Bc6 48. Ne4 Be5 49. Ng3+ Kg5 50. Ne4+ Kf4 51.
h4 Ke3 52. h5 Kd4 53. h6 b4 54.
Nd2 Kc3 55. Ne4+ Bxe4 56. fxe4 b3 57. h7 b2 58. h8=Q Bxh8 59. e5 0-1

[Event "*** MasterClass Titled Tuesday Blitz"]
[Site "Chess.com"]
[Date "2017.12.05"]
[Round "1"]
[White "VladDobrov"]
[Black "SanQui14"]
[Result "1-0"]
[WhiteElo "2595"]
[BlackElo "2182"]
[TimeControl "180+2"]
[EndTime "14:25:38 PST"]
[Termination "VladDobrov won on time"]

1. d4 Nf6 2. c4 g6 3. g3 Bg7 4.
Bg2 d6 5. Nc3 O-O 6. Nf3 c6 7.
O-O Qa5 8. e4 Bg4 9. h3 Bxf3 10.
Bxf3 Nbd7 11. Be3 e5 12. Bg2 h5 13. a3 Kh7 14. b4 Qa6 15. b5 cxb5 16. Nxb5 Rac8 17.
Rc1 Rfd8 18. Nxa7 Qxa7 19. dxe5 Qxa3 20. exf6 Bxf6 21. Qd5 Kg7 22. Qxb7 Ne5 23. Qd5 Qd3 24. Rfd1 Qxd5 25. cxd5 Rxc1 26. Rxc1 h4 27. f4 Nd7 28. g4 Bb2 29. Rc2 Ba3 30. Bd4+ Kf8 31. e5 Bc5 32. Bxc5 Nxc5 33. Kf2 Ke7 34. Ke3 Ra8 35. Rc3 Ra4 36.
Bf3 Rb4 37. Ra3 Rb3+ 38. Rxb3 Nxb3 39. Bd1 Nc5 40. Bc2 Nd7 41. Kd4 Nc5 42. g5 Nb7 43. Ba4 Nc5 44. Bc2 Nb7 45. e6 Nc5 46. exf7 Kxf7 47. Ke3 Nd7 48. Kf3 Nb6 49. Bb3 Nd7 50. Kg4 Nc5 51. Bc2 Nd7 52. Kxh4 Nc5 53. Kg4 Nd7 54. h4 Nb6 55. Bb3 Nc8 56. h5 gxh5+ 57. Kxh5 Ne7 58. Kg4 Ng6 59. f5 Ne5+ 60. Kh5 Kg7 61.
f6+ Kf7 62. Bc2 Nd7 63. Bf5 Nc5 64. Kg4 Na6 65. Kh5 Nc5 66. Kh6 Kf8 67. g6 Kg8 68. Be6+ 1-0

[Event "*** MasterClass Titled Tuesday Blitz"]
[Site "Chess.com"]
[Date "2017.12.05"]
[Round "1"]
[White "sandromareco"]
[Black "Scott-fox21"]
[Result "1-0"]
[WhiteElo "2611"]
[BlackElo "2202"]
[TimeControl "180+2"]
[EndTime "14:25:53 PST"]
[Termination "sandromareco won by resignation"]

1. d4 d5 2. Nf3 c5 3. c4 dxc4 4. e3 Nf6 5. Bxc4 e6 6. O-O Be7 7. Qe2 cxd4 8. Rd1 O-O 9. exd4 Nc6 10. Nc3 a6 11. a3 b5 12. Ba2 Bb7 13. d5 exd5 14.
Nxd5 Nxd5 15. Bxd5 Qc7 16. Be3 Bf6 17. Rac1 Rac8 18.
b4 Rfd8 19. h4 Qe7 20. Ng5 Bxg5 21. hxg5 Rd7 22. Ba2 Rcd8 23. Rxd7 Qxd7 24. Bb6 Re8 25.
Qd1 Qf5 26. Bd5 Qg6 27. Qd2 Ba8 28. Bc7 Ne7 29. Bxa8 Rxa8 30. Re1 Nf5 31. Qd5 Rf8 32. Bf4 h6 33. gxh6 Nxh6 34. Qb7 Nf5 35. Rd1 Qg4 36.
Qf3 Qxf3 37. gxf3 Rc8 38. Kg2 Rc3 39. Rd8+ Kh7 40. Rd7 Nh4+ 41. Kg3 Nxf3 42. Kg4 Kg6 43. Rd6+ f6 44. Rxa6 Nd4 45. a4 Rc4 46. axb5 Ne2 47. b6 Nxf4 48. b7 Rxb4 49. b8=Q Rxb8 50. Kxf4 Rb2 51. Kg3 Kg5 52. Ra7 g6 53. Ra5+ f5 54.
Rc5 Rb3+ 55. f3 Kh5 56. Ra5 Kg5 57. Rc5 Kf6 58. Ra5 Kg5 59. Ra6 Rc3 60. Rb6 Rc1 61.
Rb4 Rg1+ 62. Kf2 Rh1 63. Kg2 Rd1 64. Kg3 Rg1+ 65. Kf2 Rh1 66. Kg2 Rd1 67. Ra4 Rd2+ 68. Kg3 Rd3 69. Rb4 Rc3 70. Ra4 Rd3 71. Rb4 Rd1 72. Ra4 f4+ 73. Kg2 Rd2+ 74. Kh3 Rd3 75. Ra5+ Kf6 76. Kg4 g5 77. Rf5+ Ke6 78. Rxg5 Rd4 79.
Rf5 Rd1 80. Rxf4 Rg1+ 81. Kh3 Ke5 82. Rf8 Kd4 83. Re8 Kd3 84. f4 Kd4 85. Kh4 Kd5 86.
f5 Kd6 87. f6 Kd7 88. f7 Rh1+ 89.
Kg3 1-0

[Event "*** MasterClass Titled Tuesday Blitz"]
[Site "Chess.com"]
[Date "2017.12.05"]
[Round "1"]
[White "kanachess88"]
[Black "ChessWarrior7197"]
[Result "1/2-1/2"]
[WhiteElo "2270"]
[BlackElo "2654"]
[TimeControl "180+2"]
[EndTime "14:26:20 PST"]
[Termination "Game drawn - insufficient material"]

1. e4 e5 2. Nf3 Nc6 3. Bb5 a6 4. Bxc6 dxc6 5. d3 f6 6. Nbd2 c5 7. Nf1 Ne7 8. Ng3 Nc6 9. h3 Be6 10. O-O Qd7 11. Qe2 Be7 12. Be3 O-O 13. c3 Rad8 14. Rfd1 b6 15. d4 cxd4 16. cxd4 Nxd4 17. Nxd4 exd4 18. Rxd4 Qb5 19. Qxb5 axb5 20. Rad1 Rxd4 21. Rxd4 g6 22. a3 Bd6 23. Ne2 Kf7 24. f4 Bc5 25. Rd3 Bc4 26. Bxc5 bxc5 27. Rd2 Bxe2 28. Rxe2 Rd8 29.
Kf2 Rd3 30. Re3 Rd4 31. Kf3 c6 32. Rc3 c4 33. Ke3 Rd1 34. b3 cxb3 35. Rxb3 Ke6 36. Rc3 Kd6 37. Rd3+ Rxd3+ 38. Kxd3 c5 39. Kc3 h6 40.
Kd3 g5 41. g3 h5 42. h4 g4 43. Kc3 Kc6 44. Kd3 c4+ 45. Kd4 Kd6 46. a4 bxa4 47.
Kxc4 a3 48. Kb3 Kc5 49. Kxa3 Kd4 50. e5 fxe5 51. f5 e4 52. f6 e3 53. f7 e2 54.
f8=Q e1=Q 55. Qd6+ Ke3 56. Qe5+ Kf2 57. Qxh5 Kxg3 58.
Qg5 Qc3+ 59. Ka2 Qc4+ 60. Kb2 Qe2+ 61. Kb3 Qd3+ 62. Kb2 Qd4+ 63. Kb3 Qf4 64. Qd8 Qf3+ 65. Kc2 Kh3 66. h5 Qf5+ 67. Qd3+ Qxd3+ 68. Kxd3 g3 69. h6 g2 70. h7 g1=Q 71. h8=Q+ Kg2 72. Qg7+ Kh1 73. Qxg1+ Kxg1 1/2-1/2

[Event "*** MasterClass Titled Tuesday Blitz"]
[Site "Chess.com"]
[Date "2017.12.05"]
[Round "1"]
[White "Lunaticx"]
[Black "oliver98"]
[Result "1/2-1/2"]
[WhiteElo "2712"]
[BlackElo "2281"]
[TimeControl "180+2"]
[EndTime "14:26:46 PST"]
[Termination "Game drawn - timeout vs insufficient material"]

1. e4 c5 2. Nf3 e6 3. d4 cxd4 4.
Nxd4 Nc6 5. Nc3 Qc7 6. Qd3 a6 7.
Nxc6 Qxc6 8. Qg3 d6 9. Bd3 Nf6 10. Bd2 Be7 11. Qxg7 Rg8 12. Qh6 Rxg2 13. O-O-O Rxf2 14. Rdf1 Rxf1+ 15. Rxf1 Ng4 16. Qxh7 Ne5 17. Qg8+ Kd7 18.
Rxf7 Nxf7 19. Qxf7 Qc5 20. b4 Qe5 21. h4 b6 22. Kb1 Bb7 23. Na4 Qd4 24. Bc3 Qg1+ 25.
Kb2 Rf8 26. Qg7 Qxg7 27. Bxg7 Rg8 28. Nxb6+ Kc7 29. Bd4 Bxh4 30. Na4 Rg4 31. Bb6+ Kd7 32. Nc3 Bf6 33. Kb3 Bxc3 34. Kxc3 Bxe4 35. Bxa6 Rg2 36. Bb5+ Ke7 37. Ba4 Bd5 38. a3 Rg3+ 39. Kb2 e5 40. Bb5 e4 41. a4 e3 42. a5 Ke6 43. a6 Ke5 44. a7 Ke4 45. Bc7 Rg7 46. Bb8 Kf3 47. Kc3 e2 48. Bxe2+ Kxe2 49. Kd4 Ba8 50. b5 Rb7 51. c4 Kf3 52. Kd3 Kg4 53. Kc3 Kf5 54.
Kb4 Ke6 55. Ka5 Kd7 56. b6 Kc6 57. Bc7 d5 58. cxd5+ Kxd5 59. Kb5 Ke6 60. Kc5 Kd7 61. Kc4 Kc6 62. Kd4 Kd7 63. Ke5 Kc6 64. Ke6 Rxc7 65.
bxc7 Kxc7 1/2-1/2

[Event "*** MasterClass Titled Tuesday Blitz"]
[Site "Chess.com"]
[Date "2017.12.05"]
[Round "1"]
[White "JusticeBot"]
[Black "hectorfiori"]
[Result "0-1"]
[WhiteElo "2546"]
[BlackElo "2201"]
[TimeControl "180+2"]
[EndTime "14:27:16 PST"]
[Termination "hectorfiori won by resignation"]

1. e4 c5 2. c3 e6 3. d4 cxd4 4. cxd4 d5 5. exd5 exd5 6. Nf3 Nc6 7. Bb5 Bd6 8. O-O Ne7 9. Nc3 O-O 10. h3 a6 11. Bd3 h6 12. Re1 Be6 13. a3 Rc8 14.
Bb1 Bb8 15. Ne2 Bf5 16. Bxf5 Nxf5 17. Qd3 Nd6 18. Bf4 Ne4 19. Rac1 Re8 20. Bxb8 Rxb8 21. Nf4 Qd6 22. Nh5 g6 23. Ng3 Nxg3 24. fxg3 Qxg3 25. Re3 Rxe3 26. Qxe3 h5 27. Re1 Rc8 28. Re2 Na5 29. b4 Nc4 30. Qc1 b5 31. Rc2 Re8 32. Qh6 Re4 33.
Rf2 Qf4 34. Qg5 Re1+ 35. Rf1 Rxf1+ 36. Kxf1 Qxg5 37. Nxg5 Nxa3 38. Ke2 Nc2 39. Kd3 Nxb4+ 40. Kc3 Nc6 41. Nf3 a5 42. Ne1 f6 43. Nc2 a4 44.
Ne3 b4+ 45. Kd3 Ne7 46. Nc2 b3 47. Na3 g5 48. Kc3 Nc6 49. Nb5 f5 50. Nc7 Nxd4 51.
Nxd5 Ne2+ 52. Kb2 Nf4 53. Ne3 Nd3+ 54. Ka3 b2 55. Ka2 a3 56. Nxf5 Nc1+ 57. Kb1 Nb3 58. Kc2 Nd2 59. Ne7+ Kf7 60. Nd5 b1=Q+ 61. Kxd2 Qb2+ 62.
Ke3 a2 63. Ke4 a1=Q 64. Ne3 Qe5+ 65. Kf3 Qf4+ 66. Ke2 Qa2+ 67. Kd3 Qfc4+ 68. Nxc4 Qb3+ 69. Kd4 Qc2 70. Ne5+ Kg7 71. g4 hxg4 72. hxg4 Qf2+ 73. Ke4 Qf4+ 74. Kd5 Kf6 75. Nd7+ Ke7 76. Ne5 Qa4 77. Nd3 Qxg4 78. Ke5 Kf7 79. Kd5 Qf5+ 80. Kd4 g4 81. Ke3 Qf3+ 82. Kd2 Kf6 83. Ne1 Qf2+ 84. Kd1 g3 85.
Nd3 Qf1+ 86. Kd2 g2 87. Nc5 Qf2+ 88. Kd3 g1=Q 89. Ne4+ Kf5 90. Nc3 Qgg3+ 91. Kc4 Qf1+ 92. Kb3 Qfd3 93. Ka3 Qxc3+ 94. Ka2 Qf2+ 95. Kb1 0-1

[Event "*** MasterClass Titled Tuesday Blitz"]
[Site "Chess.com"]
[Date "2017.12.05"]
[Round "1"]
[White "joppie2"]
[Black "Jahonas"]
[Result "1/2-1/2"]
[WhiteElo "2609"]
[BlackElo "2234"]
[TimeControl "180+2"]
[EndTime "14:27:53 PST"]
[Termination "Game drawn by agreement"]

1. d4 Nf6 2. c4 g6 3. Nc3 d5 4.
cxd5 Nxd5 5. e4 Nxc3 6. bxc3 Bg7 7. Nf3 O-O 8. Rb1 c5 9. Be2 cxd4 10. cxd4 Nc6 11.
d5 Ne5 12. Nxe5 Bxe5 13. f4 Bc7 14. O-O e6 15. Bc4 b5 16. Bb3 exd5 17. Bxd5 Rb8 18. Be3 Bb6 19. Qe2 Bb7 20. Rxb5 Ba6 21. Bxb6 Rxb6 22.
a4 Bxb5 23. axb5 Qb8 24. Bc4 Qd6 25. f5 Qd4+ 26. Kh1 Rf6 27. Bd5 Qe5 28. Qg4 Rd8 29. h3 Kg7 30. Rf3 Rdd6 31. Rf1 a6 32. bxa6 Rxa6 33. Qf3 Ra1 34. Rxa1 Qxa1+ 35. Kh2 Qe5+ 36. Qg3 Qxg3+ 37. Kxg3 gxf5 38. exf5 Rxf5 39. Bf3 Ra5 40.
Kf4 Kf6 41. Be4 h6 42. g3 Ke6 43. h4 f5 44. Bc2 Kf6 45. Bb3 Rb5 46. Bc2 Rb4+ 47.
Kf3 Ke5 48. Bd1 Rc4 49. Kg2 Ke4 50. Bf3+ Ke3 51. Bd5 Rc2+ 52. Kg1 f4 53. gxf4 Kxf4 54. h5 Kg3 55. Kf1 Rc1+ 56. Ke2 Rh1 57. Bf7 Rh2+ 58. Ke3 Rf2 59. Bg6 Rf6 60. Ke4 Re6+ 61. Kf5 Ra6 62. Ke4 Kg4 63. Ke3 Kg3 64. Ke2 Rf6 65. Ke1 Rf2 66.
Be8 Kf3 67. Bf7 Ke3 68. Bg6 Rf4 69. Kd1 Rf1+ 70. Kc2 Re1 71. Be8 Re2+ 72. Kc3 Rd2 73. Bg6 Rd6 74. Kc4 Kf4 75. Kc3 Kg5 76. Kc2 Kf4 77.
Kc3 Ke3 78. Kc2 Rd7 79. Be8 Rd8 80. Bg6 Rc8+ 81. Kd1 Rc7 82. Be8 Ra7 83. Bg6 Ra1+ 84. Kc2 Rg1 85. Be8 Rg5 86. Bg6 Rc5+ 87. Kd1 Rc7 88. Be8 Re7 89. Bg6 Kf2 90. Kd2 Rd7+ 91.
Kc3 Ke3 92. Kc2 Rd6 93. Be8 Kf4 94. Bg6 Kg5 95. Kc3 Rxg6 96. hxg6 Kxg6 97. Kd4 Kf5 98. Ke3 Kg4 99. Kf2 Kh3 100. Kg1 h5 101. Kh1 h4 1/2-1/2